[Event "Late-Titled-Tuesday-Blitz-March-12-2024"]
[Site "Chess.com"]
[Date "2024.03.12"]
[Round "9"]
[White "agus_k"]
[Black "janhelmer03"]
[Result "1-0"]
[WhiteElo "2584"]
[BlackElo "2396"]
[TimeControl "180+1"]
[EndTime "15:41:48 PDT"]
[Termination "agus_k won on time"]

1. e4 c5 2. Nf3 d6 3. d4 cxd4 4. Nxd4 Nf6 5. Nc3 g6 6. Be3 Bg7 7. f3 O-O 8. Qd2 Nc6 9. g4 Be6 10. Nxe6 fxe6 11. O-O-O Ne5 12. Be2 Nfd7 13. Nb5 Nxf3 14.
Bxf3 Rxf3 15. Nd4 Bxd4 16. Bxd4 Qa5 17. Kb1 Qxd2 18. Rxd2 Raf8 19. a4 Rf1+ 20. Rxf1 Rxf1+ 21. Ka2 Rf4 22. e5 d5 23. h3 a6 24. Kb3 Rf3+ 25.
Kb4 Rxh3 26. c4 Nb8 27. cxd5 exd5 28. Kc5 e6 29. Kd6 Nc6 30. Kxe6 Rg3 31. Bc5 Rxg4 32. Kxd5 Rg5 33. Re2 h5 34. Kd6 Kf7 35. e6+ Ke8 36. Ba3 Ne7 37. Kc7 b5 38. a5 Rd5 39. Rf2 Nf5 40. Kb7 Re5 41. Kxa6 h4 42. Kb7 Rxe6 43. a6 Rxa6 44. Kxa6 Kf7 45. Kxb5 Ke6 46. Kc4 g5 47. Bc5 g4 48. Rf4 1-0

[Event "Late-Titled-Tuesday-Blitz-March-12-2024"]
[Site "Chess.com"]
[Date "2024.03.12"]
[Round "9"]
[White "mishanick"]
[Black "BilodeauA"]
[Result "1-0"]
[WhiteElo "3121"]
[BlackElo "3016"]
[TimeControl "180+1"]
[EndTime "15:41:50 PDT"]
[Termination "mishanick won by checkmate"]

1. d4 d5 2. c4 dxc4 3. Nf3 a6 4.
e3 Bg4 5. Bxc4 e6 6. Nc3 Nc6 7. h3 Bh5 8. Be2 Bd6 9. b3 Nf6 10. Bb2 O-O 11. O-O Qe7 12. Nd2 Bxe2 13. Qxe2 e5 14.
d5 Nb4 15. e4 Nc2 16. Rac1 Nd4 17. Qd3 Nd7 18. Nc4 b5 19. Nxd6 cxd6 20. Ne2 Nc5 21.
Qe3 Nxe2+ 22. Qxe2 b4 23. Rc4 a5 24. Bc1 a4 25. Be3 axb3 26. axb3 Nxb3 27. Rxb4 Rfb8 28. Rxb8+ Rxb8 29. Rb1 Qc7 30. Qa2 Nd4 31. Rxb8+ Qxb8 32. Bxd4 exd4 33. Qc4 f5 34. e5 dxe5 35. d6+ Kf8 36. Qc7 Qb1+ 37. Kh2 Qe4 38. Qe7+ Kg8 39. Qe8# 1-0

[Event "Late-Titled-Tuesday-Blitz-March-12-2024"]
[Site "Chess.com"]
[Date "2024.03.12"]
[Round "9"]
[White "Stanbad1"]
[Black "IngOscarArdila"]
[Result "1-0"]
[WhiteElo "2518"]
[BlackElo "2345"]
[TimeControl "180+1"]
[EndTime "15:41:50 PDT"]
[Termination "Stanbad1 won on time"]

1. d4 Nf6 2. Nc3 d5 3. Bf4 e6 4. Nb5 Na6 5. e3 Bb4+ 6. c3 Ba5 7. a4 c6 8. Nd6+ Kf8 9. Qb3 Qd7 10. Nf3 Ne8 11. Qa3 Qe7 12. Ng5 f6 13. Ngf7 Rg8 14.
Nxe8 Qxa3 15. Rxa3 Kxe8 16. Nd6+ Kd7 17. Rb3 b6 18. Nxc8 Raxc8 19. Bxa6 Rcd8 20. Ke2 g5 21. Bg3 h5 22. h4 g4 23. c4 f5 24. cxd5 cxd5 25. Rg1 e5 26. Bxe5 Ke6 27. Rc1 f4 28. Rc6+ Kd7 29. Rd6+ Ke7 30. Rxd8 Rxd8 31. Bxf4 Ke6 32.
Rd3 Rd7 33. Bc8 1-0

[Event "Late-Titled-Tuesday-Blitz-March-12-2024"]
[Site "Chess.com"]
[Date "2024.03.12"]
[Round "9"]
[White "AccioChess"]
[Black "KSho99"]
[Result "1-0"]
[WhiteElo "2449"]
[BlackElo "2176"]
[TimeControl "180+1"]
[EndTime "15:41:50 PDT"]
[Termination "AccioChess won by resignation"]

1. e4 e6 2. d4 d5 3. Nc3 Be7 4. e5 c5 5. Nce2 Nc6 6. Nf3 g5 7. h3 h5 8. dxc5 Nh6 9. c3 g4 10. hxg4 Nxg4 11. b4 a5 12. Ned4 Ncxe5 13. Nxe5 Nxe5 14.
Rxh5 Rxh5 15. Qxh5 Ng6 16. Bd3 Nf8 17. Bh6 axb4 18.
cxb4 Bd7 19. Kf1 Qc7 20. a4 Rxa4 21. Rxa4 Bxa4 22. Bxf8 Bxf8 23. Nxe6 Qe7 24. Nxf8 Qxf8 25. Qxd5 Bc6 26. Qe5+ Kd8 27. Qb8+ Ke7 28. Qxf8+ Kxf8 29. Bc4 f6 30. f3 Ke7 31. b5 Be8 32. Kf2 f5 33. Ke3 Kf6 34. Kf4 Bd7 35. Bd5 1-0

[Event "Late-Titled-Tuesday-Blitz-March-12-2024"]
[Site "Chess.com"]
[Date "2024.03.12"]
[Round "9"]
[White "maurovargas01"]
[Black "JaackCamel"]
[Result "0-1"]
[WhiteElo "1835"]
[BlackElo "2201"]
[TimeControl "180+1"]
[EndTime "15:41:51 PDT"]
[Termination "JaackCamel won on time"]

1. e4 e6 2. f4 d5 3. e5 c5 4. Nf3 Nc6 5. Bb5 Bd7 6. Bxc6 Bxc6 7. O-O Nh6 8. d3 Be7 9. h3 O-O 10. g4 f5 11. g5 Nf7 12. Qe1 Nh8 13. h4 d4 14. h5 b5 15. Qg3 c4 16. Rf2 a5 17.
b3 c3 18. a3 b4 19. axb4 axb4 20. Rxa8 Qxa8 21. Nxd4 Bd5 22. Be3 Nf7 23. g6 Nh6 24.
gxh7+ Kh8 25. Nb5 Ng4 26. Bd4 Qd8 27. Nd6 Bh4 28. Qh3 Bxf2+ 29. Kf1 Bxd4 0-1

[Event "Late-Titled-Tuesday-Blitz-March-12-2024"]
[Site "Chess.com"]
[Date "2024.03.12"]
[Round "9"]
[White "ural58"]
[Black "AlexPapasimakopoulos"]
[Result "0-1"]
[WhiteElo "2523"]
[BlackElo "2697"]
[TimeControl "180+1"]
[EndTime "15:41:53 PDT"]
[Termination "AlexPapasimakopoulos won on time"]

1. e4 e6 2. d4 d5 3. Nc3 Bb4 4.
Ne2 Nc6 5. a3 Bxc3+ 6. Nxc3 dxe4 7. d5 exd5 8. Qxd5 Be6 9. Qxe4 Nf6 10. Qa4 Qd4 11. Bb5 Qxa4 12. Bxa4 O-O-O 13. Bxc6 bxc6 14. Be3 Bf5 15. Rc1 Kb7 16. O-O Nd5 17. Nd1 Rhe8 18. h3 Bg6 19. Bc5 Re2 20. c4 Nf4 21. Be3 Nd3 22. Rc3 Ne5 23. Rb3+ Ka8 24. Rb4 Bd3 25. Ra4 Nxc4 26. Bxa7 Kb7 27. b3 Nd2 28. Nc3 Nxf1 29. Nxe2 Bxe2 30. Bc5 Bb5 31. Rf4 f6 32. g4 Rd1 33. Kg2 Nd2 34. Bf8 Bf1+ 35. Kg3 g5 36.
Rxf6 Ne4+ 37. Kh2 Nxf6 0-1

[Event "Late-Titled-Tuesday-Blitz-March-12-2024"]
[Site "Chess.com"]
[Date "2024.03.12"]
[Round "9"]
[White "DanielNaroditsky"]
[Black "Alphafischer2019"]
[Result "1-0"]
[WhiteElo "3067"]
[BlackElo "2759"]
[TimeControl "180+1"]
[EndTime "15:41:55 PDT"]
[Termination "DanielNaroditsky won by resignation"]

1. e4 e6 2. d4 d5 3. e5 c5 4. Nf3 cxd4 5. Bd3 Nc6 6. O-O Be7 7. Re1 Bd7 8. Nbd2 Qb6 9. Nb3 a5 10. Bf1 a4 11. Nbxd4 Nxd4 12. Nxd4 Bc5 13. c3 Ne7 14. Rb1 O-O 15. Bd3 Bxd4 16. cxd4 Nf5 17. Be3 Rfc8 18. Qg4 Bb5 19. Bxf5 exf5 20. Qxf5 Qg6 21. Qh3 Bd3 22. Rbc1 Bf5 23. Qh4 Qe6 24. h3 h6 25. Kh2 Rxc1 26.
Rxc1 Rc8 27. Rxc8+ Qxc8 28. Qe7 Qd7 29. Qb4 Qc6 30.
b3 axb3 31. axb3 Be4 32. Qe7 Bf5 33. g4 Bg6 34. Kg3 Kh7 35. h4 h5 36. Qg5 hxg4 37.
h5 Be4 38. Qxg4 Qe6 39. Qh4 Qf5 40. Bf4 Bd3 41. f3 Bc2 42. b4 Qd3 43. h6 Qg6+ 44. Kf2 gxh6 45. Qe7 b5 46. Qc7 Bd3 47.
Ke3 Bc4 48. Kf2 Qd3 49. e6 Kh8 50. Be5+ 1-0

[Event "Late-Titled-Tuesday-Blitz-March-12-2024"]
[Site "Chess.com"]
[Date "2024.03.12"]
[Round "9"]
[White "Mbneu"]
[Black "YEIKO2017"]
[Result "0-1"]
[WhiteElo "2258"]
[BlackElo "2448"]
[TimeControl "180+1"]
[EndTime "15:41:58 PDT"]
[Termination "YEIKO2017 won by resignation"]

1. d4 Nf6 2. c4 e5 3. e3 exd4 4. exd4 d5 5. Nf3 c6 6. Nc3 Bd6 7. c5 Bc7 8. h3 O-O 9. Bd3 Re8+ 10. Be3 Nbd7 11. O-O Nf8 12. Re1 Ng6 13. Bg5 Be6 14. Ne5 Qb8 15. Bxf6 gxf6 16. Ng4 Kg7 17. Qd2 Bf4 18. Qc2 h5 19. Ne3 Qc7 20. Ne2 Bxe3 21. fxe3 Rg8 22. Rf1 Rae8 23. Bxg6 fxg6 24. Nf4 Bf7 25.
Rf3 g5 26. Ne2 Bg6 27. Qd2 Be4 28. Rg3 h4 29. Rg4 Bf5 30. Rf1 Bxg4 31. hxg4 Qe7 32. Kf2 Rgf8 33. Nc3 f5 34. gxf5 Rxf5+ 35. Kg1 Qxe3+ 36.
Qxe3 Rxf1+ 37. Kxf1 Rxe3 0-1

[Event "Late-Titled-Tuesday-Blitz-March-12-2024"]
[Site "Chess.com"]
[Date "2024.03.12"]
[Round "9"]
[White "Jagerrmeisterr"]
[Black "xasid81"]
[Result "1-0"]
[WhiteElo "2731"]
[BlackElo "2580"]
[TimeControl "180+1"]
[EndTime "15:41:59 PDT"]
[Termination "Jagerrmeisterr won by resignation"]

1. e4 d5 2. exd5 Qxd5 3. Nc3 Qa5 4. Bc4 Nf6 5. d3 c6 6. Qe2 Bg4 7. f3 Bh5 8. g4 Bg6 9. h4 h5 10.
g5 Nd5 11. Bd2 Nxc3 12. Bxc3 Qc7 13. Be5 Qa5+ 14. Bc3 Qc7 15. Nh3 e6 16. O-O-O Na6 17. Bxe6 Qe7 18. Nf4 Nc7 19. Rhe1 Nxe6 20. Nxg6 fxg6 21.
Qxe6 Qxe6 22. Rxe6+ Kf7 23. Rde1 Rd8 24. Kd2 Bd6 25.
R6e4 Rhf8 26. f4 Kg8 27. Ke3 Rf5 28. Be5 Bxe5 29. Rxe5 Rxe5+ 30. fxe5 Kf7 31. d4 Ke6 32. Rf1 c5 33. c3 cxd4+ 34. cxd4 Kd5 35. Rf7 b5 36. Rxg7 Rf8 37. Rxg6 Rf1 38. Rd6+ Kc4 39. b3+ Kc3 40. e6 Re1+ 41. Kf4 Kb2 42. g6 Kxa2 43. g7 Rf1+ 44. Kg5 Rg1+ 45. Kh6 Kxb3 46. e7 a5 47.
e8=Q 1-0

[Event "Late-Titled-Tuesday-Blitz-March-12-2024"]
[Site "Chess.com"]
[Date "2024.03.12"]
[Round "9"]
[White "cthulhuuu"]
[Black "The_Machine04"]
[Result "0-1"]
[WhiteElo "2445"]
[BlackElo "2821"]
[TimeControl "180+1"]
[EndTime "15:42:01 PDT"]
[Termination "The_Machine04 won on time"]

1. e4 d6 2. d4 Nf6 3. Nc3 e5 4. dxe5 dxe5 5. Qxd8+ Kxd8 6. Bc4 Be6 7. Bxe6 fxe6 8. f3 Bd6 9. Nh3 Ke7 10. Nf2 Nbd7 11.
Nd3 a6 12. Be3 h6 13. a4 g5 14. O-O Rag8 15. g3 h5 16. Kg2 h4 17. g4 Nh7 18.
a5 Ndf8 19. Na4 Ng6 20. Nac5 Rb8 21. h3 Nf4+ 22. Bxf4 gxf4 23. Ra3 Rhd8 24. Rb3 Bxc5 25. Nxc5 Rd2+ 26. Rf2 Rbd8 27. Nd3 Rxf2+ 28. Kxf2 Ng5 29. Kg2 c5 30. Rxb7+ Kf6 31. b3 Rc8 32. Nf2 c4 33. b4 Nf7 34. b5 axb5 35. Rxb5 Ra8 36. Rc5 Nd6 37. Rc6 Ke7 38. a6 Kd7 39. Rb6 Kc7 40. Rb4 Rxa6 0-1

[Event "Late-Titled-Tuesday-Blitz-March-12-2024"]
[Site "Chess.com"]
[Date "2024.03.12"]
[Round "9"]
[White "ContrVersia"]
[Black "BabageldiAnnaberdiyev"]
[Result "1-0"]
[WhiteElo "2870"]
[BlackElo "2656"]
[TimeControl "180+1"]
[EndTime "15:42:01 PDT"]
[Termination "ContrVersia won by resignation"]

1. d4 e6 2. c4 f5 3. g3 Nf6 4. Bg2 d5 5. Nh3 c6 6. O-O Bd6 7. Bf4 O-O 8. Nd2 a5 9. Qc2 Ne4 10. Nf3 Qe7 11. Bxd6 Qxd6 12. Nf4 Nd7 13. Nd3 b6 14. Rfd1 Bb7 15. Rac1 Rfc8 16. Nfe5 Nxe5 17. dxe5 Qe7 18. Nf4 Nc5 19. h4 g6 20. b3 Kg7 21.
e3 h6 22. Qe2 Ba6 23. Qf3 Bb7 24. Rd4 Ne4 25. g4 c5 26. Rdd1 d4 27. gxf5 exf5 28.
exd4 cxd4 29. Rxd4 Rd8 30. Rcd1 Rxd4 31. Rxd4 Rc8 32. h5 Rc7 33. Nxg6 Qg5 34. Nf4 Re7 35.
Rd7 Rxd7 36. Ne6+ Kg8 37. Nxg5 Nxg5 38. Qxf5 Rd1+ 39. Kh2 Bxg2 40. Qg6+ Kf8 41. Qxh6+ Ke8 1-0

[Event "Late-Titled-Tuesday-Blitz-March-12-2024"]
[Site "Chess.com"]
[Date "2024.03.12"]
[Round "9"]
[White "katharinareinecke"]
[Black "Vesapesa"]
[Result "1/2-1/2"]
[WhiteElo "1970"]
[BlackElo "2197"]
[TimeControl "180+1"]
[EndTime "15:42:02 PDT"]
[Termination "Game drawn - insufficient material"]

1. d4 d5 2. Nf3 Nf6 3. g3 g6 4.
Bg2 Bg7 5. O-O O-O 6. c4 e6 7. b3 c6 8. Bb2 b6 9. Nbd2 Bb7 10. Rc1 Nbd7 11. cxd5 cxd5 12. Ba3 Re8 13. e3 Rc8 14. Rxc8 Qxc8 15. Qc1 Ba6 16. Re1 Qb7 17. Qb2 Rc8 18.
Rc1 Bd3 19. Rc3 Be4 20. Nxe4 Nxe4 21. Rc1 a5 22. Nd2 Ndf6 23. Nxe4 Nxe4 24. Bxe4 dxe4 25.
Rxc8+ Qxc8 26. Qc1 Qxc1+ 27. Bxc1 b5 28. Kf1 Kf8 29.
Ke2 Ke7 30. a3 a4 31. bxa4 bxa4 32. Kd2 Kd6 33. Kc3 e5 34. dxe5+ Bxe5+ 35. Kb4 Kd5 36. Kxa4 Bc3 37. Kb5 Kd6 38. a4 Kc7 39. Ba3 Be1 40.
a5 Kb7 41. a6+ Ka8 42. Bc5 Bxf2 43. Kc6 f5 44. Kd5 Bg1 45. h3 h5 46. Ke6 Bf2 47.
Kf6 Bxg3 48. Kxg6 f4 49. exf4 Bxf4 50. Kxh5 e3 51. Bxe3 Bxe3 52. Kg4 Ka7 53. h4 Kxa6 54. h5 Kb6 55. h6 Bxh6 1/2-1/2

[Event "Late-Titled-Tuesday-Blitz-March-12-2024"]
[Site "Chess.com"]
[Date "2024.03.12"]
[Round "9"]
[White "Firouzja2003"]
[Black "DenLaz"]
[Result "0-1"]
[WhiteElo "3139"]
[BlackElo "3071"]
[TimeControl "180+1"]
[EndTime "15:42:06 PDT"]
[Termination "DenLaz won on time"]

1. e4 e5 2. Nf3 Nc6 3. Bb5 Nf6 4. d3 Bc5 5. c3 O-O 6. O-O d5 7. Nbd2 dxe4 8. dxe4 a5 9. a4 Qe7 10. Re1 Rd8 11. h3 h6 12. Qc2 Nb8 13. Bf1 b6 14. Nc4 Nbd7 15. Ne3 Bxe3 16. Bxe3 Bb7 17. Nd2 Nc5 18.
f3 Nh5 19. Bc4 Ne6 20. Nf1 Ba6 21. Bd5 Rac8 22. Rad1 Nef4 23. Bxf4 Nxf4 24. Ne3 Qg5 25. Kh2 c6 26. Bc4 Bxc4 27. Nxc4 b5 28. axb5 cxb5 29.
Nxa5 b4 30. c4 Rxd1 31. Rxd1 Rc5 32. Ra1 Rc7 33. Rd1 Rc5 34. Ra1 Rc7 35. g3 Ne6 36. Nb3 Qe3 37. Kg2 h5 38. h4 g5 39. Rh1 Rd7 40.
hxg5 Rd3 41. Re1 Qxf3+ 0-1

[Event "Late-Titled-Tuesday-Blitz-March-12-2024"]
[Site "Chess.com"]
[Date "2024.03.12"]
[Round "9"]
[White "mbojan"]
[Black "CaspiIsrael"]
[Result "0-1"]
[WhiteElo "2867"]
[BlackElo "2697"]
[TimeControl "180+1"]
[EndTime "15:42:07 PDT"]
[Termination "CaspiIsrael won on time"]

1. a3 e5 2. e3 d5 3. d4 Nc6 4.
Nf3 e4 5. Nfd2 Nce7 6. c4 c6 7. Nc3 Nf6 8. f3 Nf5 9. Nb3 exf3 10. Qxf3 Bd6 11. cxd5 cxd5 12. Bd3 Nh4 13. Qe2 O-O 14.
O-O Re8 15. g3 Ng6 16. Qg2 Be6 17. Bd2 Qd7 18. Rfe1 Bh3 19. Qh1 Qe6 20. Qf3 Bg4 21. Qg2 Rad8 22. Rac1 a6 23. Nc5 Bxc5 24. dxc5 Ne5 25.
Be2 h5 26. Rf1 Bh3 27. Qf2 Neg4 28. Qf4 Bxf1 29. Bxf1 Nxe3 30. Bd3 d4 31. Ne2 Qh3 32. Qf3 Nfg4 33. Qh1 Ne5 34. Nf4 Qg4 35. Be4 h4 36. Be1 d3 37. h3 Qg5 38. Qh2 d2 39. Bxd2 hxg3 40. Qe2 Rxd2 41. Qxe3 Rf2 42. Nd5 Qh4 43. Bg2 Nf3+ 0-1

[Event "Late-Titled-Tuesday-Blitz-March-12-2024"]
[Site "Chess.com"]
[Date "2024.03.12"]
[Round "9"]
[White "bascheyaro"]
[Black "dropstoneDP"]
[Result "0-1"]
[WhiteElo "2793"]
[BlackElo "2978"]
[TimeControl "180+1"]
[EndTime "15:42:08 PDT"]
[Termination "dropstoneDP won by resignation"]

1. d4 d5 2. Nf3 Nf6 3. c4 dxc4 4. Nc3 a6 5. Bg5 b5 6. Bxf6 exf6 7. g3 Bb7 8. Bg2 Be7 9. O-O Nd7 10. a4 b4 11.
Na2 c5 12. dxc5 Nxc5 13. Rc1 Qxd1 14. Rfxd1 Nxa4 15. Rd2 Rc8 16. Nd4 Bxg2 17. Kxg2 a5 18. Nf5 g6 19. Nxe7 Kxe7 20. Rd5 Rc5 21. Rxc5 Nxc5 22.
Rxc4 Nb3 23. Rc7+ Ke6 24. Rc6+ Ke5 25. f4+ Kd5 26. Rxf6 Rc8 27. Kf3 Rc2 28. e4+ Kc5 29. Rxf7 Rxb2 30. Nc1 Nxc1 31. Rc7+ Kd4 32. Rxc1 Rb3+ 33.
Kg4 Kxe4 34. Kg5 a4 35. g4 Rc3 36. Re1+ Kd4 37. f5 gxf5 38. gxf5 Rf3 39. Re7 a3 40. Rxh7 a2 41. Ra7 Ra3 42. Rd7+ Ke5 0-1

[Event "Late-Titled-Tuesday-Blitz-March-12-2024"]
[Site "Chess.com"]
[Date "2024.03.12"]
[Round "9"]
[White "Vladimir_Zakhartsov"]
[Black "Rud_2008"]
[Result "1/2-1/2"]
[WhiteElo "2932"]
[BlackElo "2790"]
[TimeControl "180+1"]
[EndTime "15:42:08 PDT"]
[Termination "Game drawn by repetition"]

1. d4 Nf6 2. c4 e6 3. Nf3 d5 4. g3 Be7 5. Bg2 O-O 6. Nc3 dxc4 7.
Ne5 c5 8. dxc5 Qxd1+ 9. Nxd1 Bxc5 10. Ne3 Bb4+ 11. Bd2 Bxd2+ 12. Kxd2 Rd8+ 13. Kc2 Nc6 14.
Nxc6 bxc6 15. Bxc6 Rb8 16. Rhd1 Ba6 17. Kc3 Kf8 18.
Rxd8+ Rxd8 19. Rd1 Rc8 20. Bf3 Ke7 21. a4 Nd7 22. Kb4 Rb8+ 23. Ka5 Nc5 24. Bc6 Bc8 25. Bb5 a6 26. Bxc4 Rxb2 27. Rc1 Bd7 28. Rc2 Rb8 29. Ra2 Kd6 30. Nc2 Bc8 31. Nb4 Nb7+ 32. Kb6 Nd8+ 33. Ka5 Nb7+ 34. Kb6 Nc5+ 35. Ka5 Nb7+ 1/2-1/2

[Event "Late-Titled-Tuesday-Blitz-March-12-2024"]
[Site "Chess.com"]
[Date "2024.03.12"]
[Round "9"]
[White "crazyluzhinTh3"]
[Black "buenamor1972"]
[Result "1-0"]
[WhiteElo "2577"]
[BlackElo "2384"]
[TimeControl "180+1"]
[EndTime "15:42:09 PDT"]
[Termination "crazyluzhinTh3 won by resignation"]

1. e4 c5 2. Nf3 e6 3. g3 Nc6 4. Bg2 g6 5. O-O Bg7 6. c3 Nge7 7. d4 cxd4 8. Nxd4 a6 9. Be3 O-O 10. Nd2 Qc7 11. Qe2 d6 12. Rad1 Bd7 13. h4 b5 14.
h5 Nxd4 15. cxd4 Rac8 16. Nb3 Qb8 17. Bg5 f6 18. Be3 b4 19. Rfe1 Bb5 20. Qd2 Ba4 21.
Bh3 Bd7 22. d5 f5 23. dxe6 Bxe6 24. Nd4 Bd7 25. hxg6 hxg6 26. Bh6 Rce8 27. Bxg7 Kxg7 28. Nf3 Nc8 29. Qd4+ Kg8 30. Nh4 Kf7 31. exf5 g5 32.
Nf3 Rg8 33. Qd5+ Kf8 34. Bg4 Qb5 35. Qd4 Rg7 36. f6 Rf7 37. Bxd7 Qxd7 38. Nxg5 Rxe1+ 39. Rxe1 1-0

[Event "Late-Titled-Tuesday-Blitz-March-12-2024"]
[Site "Chess.com"]
[Date "2024.03.12"]
[Round "9"]
[White "Svet_1502"]
[Black "Mikayel99"]
[Result "0-1"]
[WhiteElo "2255"]
[BlackElo "2560"]
[TimeControl "180+1"]
[EndTime "15:42:13 PDT"]
[Termination "Mikayel99 won on time"]

1. d4 Nf6 2. c4 e6 3. g3 d5 4.
Nf3 c6 5. Bg2 Bd6 6. O-O O-O 7. Qc2 Nbd7 8. Nbd2 Re8 9. e4 dxe4 10.
Nxe4 Nxe4 11. Qxe4 Nf6 12. Qc2 c5 13. Be3 cxd4 14.
Nxd4 Qe7 15. Nb3 Bd7 16. c5 Bc7 17. Bxb7 Rad8 18. Bg2 Bb5 19. Rfd1 Nd5 20. Bxd5 exd5 21. Nd4 Bd7 22. c6 Bh3 23. Nb5 Qf6 24. Qe2 Bb6 25. c7 Rc8 26. Rxd5 a6 27. Nd6 Bxe3 28. Nxe8 Qc6 29.
Qxe3 Qxd5 30. f3 Bd7 31. Re1 Qc6 32. Qe7 Bxe8 33. Qd8 Qb6+ 34. Kh1 Rxd8 0-1

[Event "Late-Titled-Tuesday-Blitz-March-12-2024"]
[Site "Chess.com"]
[Date "2024.03.12"]
[Round "9"]
[White "Speed-O-Sonic"]
[Black "simaopdias"]
[Result "1-0"]
[WhiteElo "2458"]
[BlackElo "2270"]
[TimeControl "180+1"]
[EndTime "15:42:17 PDT"]
[Termination "Speed-O-Sonic won by resignation"]

1. e4 c5 2. Nc3 g6 3. d4 cxd4 4. Qxd4 Nf6 5. Be3 Nc6 6. Qd2 Bg7 7. f3 O-O 8. O-O-O d6 9. Nge2 Bd7 10. Kb1 a5 11. g4 Ne5 12. Nd4 Rc8 13. g5 Ne8 14. f4 Nc4 15. Bxc4 Rxc4 16. h4 b5 17. h5 b4 18. hxg6 fxg6 19. Qh2 bxc3 20. Qxh7+ Kf7 21. f5 Rh8 22. Qxg6+ Kg8 23. Rxh8+ Kxh8 24. Qf7 Bxf5 25. exf5 Qa8 26. Qxc4 cxb2 27. Qc6 Qb8 28. Rh1+ Kg8 29.
Qd5+ Kf8 30. Ne6+ 1-0

[Event "Late-Titled-Tuesday-Blitz-March-12-2024"]
[Site "Chess.com"]
[Date "2024.03.12"]
[Round "9"]
[White "expii"]
[Black "MathiasWomacka"]
[Result "1-0"]
[WhiteElo "2199"]
[BlackElo "2521"]
[TimeControl "180+1"]
[EndTime "15:42:19 PDT"]
[Termination "expii won on time"]

1. e4 c5 2. Nf3 d6 3. d4 cxd4 4. Nxd4 Nf6 5. Nc3 a6 6. g3 e5 7.
Nde2 Nbd7 8. Bg2 b5 9. a3 Be7 10. O-O Bb7 11. Be3 O-O 12. h3 Nb6 13. b3 Rc8 14. Qd2 Nbd7 15. g4 Nc5 16. f3 d5 17.
exd5 Nxd5 18. Nxd5 Qxd5 19. Rad1 Qc6 20. Ng3 Ne6 21.
Nf5 Bc5 22. Kh1 Rfd8 23. Qf2 g6 24. Bxc5 Qxc5 25. Qxc5 Rxc5 26. Rxd8+ Nxd8 27. Ne3 Ne6 28. c4 Nf4 29. Rd1 bxc4 30. bxc4 Kg7 31. Kg1 Bc6 32.
Kf2 Ra5 33. Rd6 Be8 34. Nd5 Rxa3 35. Nxf4 exf4 36. c5 Ra2+ 37. Kg1 Rc2 38. Rxa6 Rxc5 39.
Ra8 1-0

[Event "Late-Titled-Tuesday-Blitz-March-12-2024"]
[Site "Chess.com"]
[Date "2024.03.12"]
[Round "9"]
[White "szachmistrz2500"]
[Black "1g60-1"]
[Result "0-1"]
[WhiteElo "2464"]
[BlackElo "2360"]
[TimeControl "180+1"]
[EndTime "15:42:20 PDT"]
[Termination "1g60-1 won by resignation"]

1. e4 e6 2. d4 d5 3. Nc3 Bb4 4. e5 Ne7 5. Bd2 b6 6. a3 Bxc3 7. Bxc3 Ba6 8. Bxa6 Nxa6 9. Qd3 Nb8 10. Ne2 Qd7 11.
Ng3 h5 12. h4 a6 13. Bd2 Qb5 14. Ke2 Nbc6 15. Be3 g6 16. a4 Qxd3+ 17. Kxd3 Kd7 18. c3 Na5 19. Nf1 Nf5 20. Bg5 c5 21. dxc5 Nb3 22. Ra3 Nxc5+ 23. Kc2 Rac8 24. Ne3 Ne4 25. Nxf5 gxf5 26.
f3 Nc5 27. Rd1 Rhg8 28. Rd4 Kc6 29. b4 Nd7 30. c4 Nxe5 31. cxd5+ Kb7+ 32. Rc3 Rxc3+ 33. Kxc3 Rc8+ 34. Kb3 b5 35. axb5 axb5 36. dxe6 fxe6 37. Rd6 Rc6 38. Rd8 Rc4 39. Bf6 Nc6 40. Rh8 Rxb4+ 41. Kc3 Rc4+ 42. Kb3 Rb4+ 43. Kc3 Rc4+ 44. Kd3 Nb4+ 45.
Ke3 Nd5+ 46. Kd3 Nxf6 0-1

[Event "Late-Titled-Tuesday-Blitz-March-12-2024"]
[Site "Chess.com"]
[Date "2024.03.12"]
[Round "9"]
[White "IraZyne"]
[Black "GoValya"]
[Result "1-0"]
[WhiteElo "2330"]
[BlackElo "2250"]
[TimeControl "180+1"]
[EndTime "15:42:20 PDT"]
[Termination "IraZyne won by resignation"]

1. e4 e6 2. d4 d5 3. Nc3 Bb4 4. a3 Bxc3+ 5. bxc3 dxe4 6. Qg4 Kf8 7. Qxe4 Nf6 8. Qf3 Nc6 9. Be3 Qd5 10. Be2 Qxf3 11. Nxf3 Nd5 12. Bd2 h6 13. c4 Nf6 14.
Bd3 Bd7 15. O-O g5 16. Rfe1 g4 17. Ne5 Nxd4 18. Bc3 c5 19. Rab1 b6 20. Kf1 Ba4 21. Rb2 Ke7 22. Re3 Rad8 23. h3 h5 24. Kg1 Rhg8 25. Kh2 Nd7 26. Bxd4 cxd4 27. Re4 Nxe5 28.
Rxe5 gxh3 29. Kxh3 Bc6 30. g3 Bf3 31. c5 bxc5 32.
Rxc5 Rd7 33. Re5 h4 34. Be2 Bd5 35. gxh4 Rg2 36. Bb5 Rd8 37. Rxd5 Rxf2 38. Rxd8 Kxd8 39. Bd3 Ke7 40. Rb7+ Kd6 41. Rxa7 f5 42. Kg3 Rd2 43.
Ra6+ Kd5 44. Ra5+ Kd6 45. a4 e5 46. Bxf5 Re2 47. h5 Re3+ 48. Kf2 e4 49. h6 Rf3+ 50. Kg2 Rc3 51. Bxe4 Rc7 52. h7 Rg7+ 53. Kf2 1-0

[Event "Late-Titled-Tuesday-Blitz-March-12-2024"]
[Site "Chess.com"]
[Date "2024.03.12"]
[Round "9"]
[White "vugarrasulov"]
[Black "Jospem"]
[Result "1-0"]
[WhiteElo "2953"]
[BlackElo "3100"]
[TimeControl "180+1"]
[EndTime "15:42:24 PDT"]
[Termination "vugarrasulov won by resignation"]

1. g3 c5 2. Bg2 Nc6 3. e4 g6 4.
Ne2 Bg7 5. O-O d6 6. c3 e5 7. a3 Nge7 8. b4 O-O 9. d3 a6 10. Be3 b6 11. Nd2 h6 12. Rb1 Be6 13. Nc4 b5 14. Nd2 cxb4 15. axb4 d5 16. Nb3 dxe4 17. dxe4 Bc4 18. Qxd8 Rfxd8 19. Rfe1 Nc8 20. f3 Nd6 21. Bf1 f5 22. Bb6 Re8 23. Red1 Bf8 24. exf5 Nxf5 25. Nd2 Ne3 26. Bxe3 Be6 27. Ne4 Red8 28. Bc5 Bg7 29. g4 a5 30. bxa5 Nxa5 31. Rxd8+ Rxd8 32. Bb6 Ra8 33. Ra1 Rf8 34. Rxa5 Rxf3 35. Ra8+ Kh7 36. Ra7 Bxg4 37. Bg2 Rf8 38. N2g3 Kh8 39. h3 Be6 40. Bf1 h5 41. h4 Rf4 42. Ra8+ Bg8 43. Bxb5 Kh7 44.
Be3 Rxh4 45. Ng5+ Kh8 46. Bd7 Bf6 47. Be6 Bxg5 48. Bxg5 Ra4 49. Bf6+ Kh7 50. Bxg8+ Kh6 51. Rxa4 g5 52. Bf7 h4 53. Nf5+ Kh7 54. Ra8 1-0

[Event "Late-Titled-Tuesday-Blitz-March-12-2024"]
[Site "Chess.com"]
[Date "2024.03.12"]
[Round "9"]
[White "karinachess1"]
[Black "Flaccidmoves"]
[Result "1-0"]
[WhiteElo "2604"]
[BlackElo "2422"]
[TimeControl "180+1"]
[EndTime "15:42:25 PDT"]
[Termination "karinachess1 won on time"]

1. d4 Nf6 2. c4 g6 3. Nc3 d5 4. h4 c5 5. cxd5 cxd4 6. Qxd4 Bg7 7. Nf3 O-O 8. Qd1 Qa5 9. Bd2 Qb6 10. e4 Ng4 11.
Qe2 Qxb2 12. Rb1 Qc2 13. Qd3 Qxd3 14. Bxd3 e6 15. h5 exd5 16. Nxd5 Nc6 17. h6 Bh8 18. O-O Be6 19. Rxb7 Bxd5 20. exd5 Nce5 21. Nxe5 Bxe5 22. Be2 Nf6 23. Bf3 Rfd8 24. Ba5 Rd7 25. Rfb1 Rxb7 26. Rxb7 Ne8 27. g3 Nd6 28. Rd7 Kf8 29. Bc7 Nc4 30. d6 Re8 31. Kg2 Nb6 32. Bxb6 axb6 33. Bd5 Rc8 34.
Rxf7+ 1-0

[Event "Late-Titled-Tuesday-Blitz-March-12-2024"]
[Site "Chess.com"]
[Date "2024.03.12"]
[Round "9"]
[White "alexrustemov"]
[Black "TokChess"]
[Result "1-0"]
[WhiteElo "2835"]
[BlackElo "2608"]
[TimeControl "180+1"]
[EndTime "15:42:26 PDT"]
[Termination "alexrustemov won on time"]

1. d4 d5 2. c4 c6 3. Nc3 Nf6 4. e3 a6 5. Qc2 Bg4 6. b3 e6 7. Bb2 Bf5 8. Bd3 Bxd3 9. Qxd3 Nbd7 10. Nf3 Be7 11. O-O O-O 12. Rfd1 b5 13. Rac1 Qa5 14.
c5 Rfe8 15. a3 Qc7 16. b4 a5 17. Ne2 axb4 18. axb4 Ne4 19. Ra1 Bf6 20. Ng3 Nxg3 21. hxg3 g6 22. Ra3 Rxa3 23. Qxa3 e5 24. Ra1 exd4 25. Bxd4 Ne5 26. Qc3 Nxf3+ 27. gxf3 Bxd4 28. Qxd4 Qb7 29. Qf6 Ra8 30. Rd1 Qd7 31. Kg2 Qe6 32. Qf4 Kg7 33. Rh1 h5 34. g4 Qf6 35. Qxf6+ Kxf6 36. gxh5 g5 37. h6 Rh8 38. h7 1-0